 Dungeon Crawl Stone Soup version 0.26.1-11-gd32895ea62 (webtiles) character file.

Game seed: 6941558510008219184

144 Almogavar the Sneak (level 5, -10/28 HPs)
             Began as a Kobold Conjurer on July 13, 2021.
             Mangled by Menkaure (24 damage)
             ... on level 4 of the Dungeon.
             The game lasted 00:10:35 (3630 turns).

Almogavar the Sneak (Kobold Conjurer)               Turns: 3630, Time: 00:10:36

Health: -10/28     AC:  3    Str: 10    XL:     5   Next: 52%
Magic:  5/9        EV: 15    Int: 21    God:
Gold:   162        SH:  0    Dex: 13    Spells: 6/9 levels left

rFire    . . .     SeeInvis .   b - +0 dagger
rCold    . . .     Faith    .   (shield restricted)
rNeg     . . .     Spirit   .   a - +0 robe
rPois    .         Reflect  .   (no helmet)
rElec    .         Harm     .   f - scarf {+Inv}
rCorr    .         Rampage  .   (no gloves)
Will     .....                  j - +0 pair of boots
Stlth    ++++......             (no amulet)
HPRegen  0.09/turn              r - ring of wizardry
MPRegen  0.11/turn              s - +6 ring of strength

@: no status effects
A: small, nightstalker 3
a: Evoke Invisibility


You were on level 4 of the Dungeon.
You visited 1 branch of the dungeon, and saw 4 of its levels.

You collected 162 gold pieces.

Inventory:

Hand Weapons
 b - a +0 dagger (weapon)
Missiles
 d - 28 poisoned darts (quivered)
 h - 39 bolts
Armour
 a - a +0 robe (worn)
 f - a scarf of invisibility (worn)
 i - a +0 leather armour
 j - a +0 pair of boots (worn)
Jewellery
 r - a ring of wizardry (left hand)
 s - a +6 ring of strength (right hand)
Scrolls
 l - a scroll of teleportation {unknown}
 n - 3 scrolls of remove curse {unknown}
 o - a scroll of enchant weapon {unknown}
 q - a scroll of enchant armour {unknown}
 t - 2 scrolls of amnesia {unknown}
 u - a scroll of fear {unknown}
Potions
 c - a potion of haste
 e - a potion of might
 g - a potion of mutation {unknown}
 k - 2 potions of lignification
 m - 2 potions of brilliance {unknown}
 p - a potion of heal wounds {unknown}


   Skills:
 + Level 0.6 Fighting
 + Level 2.7 Dodging
 + Level 5.2 Stealth
 + Level 2.8 Spellcasting
 + Level 5.0 Conjurations


You had 6 spell levels left.
You knew the following spells:

 Your Spells              Type           Power        Failure   Level
a - Magic Dart            Conj           92%          1%          1
b - Searing Ray           Conj           46%          1%          2

Your spell library contained the following spells:

 Spells                   Type           Power        Failure   Level
 Dazzling Flash           Conj/Hex       26%          6%          3
 Fulminant Prism          Conj/Hex       6%           19%         4
 Iskenderun's Mystic Bla  Conj/Tloc      13%          19%         4


Dungeon Overview and Level Annotations

Branches:
Dungeon (4/15)
 Temple: D:4-7

Altars:
Ru

Annotations:
D:4 Menkaure


Innate Abilities, Weirdness & Mutations

You are small and have problems with some larger weapons.
You are completely attuned to the shadows.


Message History

Found 11 gold pieces.
Unknown command.
Casting: Searing Ray (safe; 1% risk of failure)
Confirm with . or Enter, or press ? or * to list all spells.
Aiming: Searing Ray (safe; 1% risk of failure)
Press: ? - help, Shift-Dir - straight line, f - Menkaure
Aim: Menkaure (11% to evade)
The searing ray hits Menkaure!
Menkaure is moderately damaged. (Press . to maintain the ray.)
A worker ant comes into view.
Menkaure misses you.
A goblin comes into view. It is wielding a +1 antimagic dagger.
The searing ray misses Menkaure.
Menkaure closely misses you. The frilled lizard bites you.
The searing ray hits Menkaure!
Menkaure is severely damaged.
The frilled lizard closely misses you. Menkaure hits you!!
Ouch! That really hurt!
You die...

########.# #.#
#.# ###.#..#
#...#..##
#.#.#.>.
#.#.#.###+####
#.#.......M...
#.#.#.!..@l(..
#.#.....B...
#.#....##g..
#.#...## ..$
#...# ..


You could see Menkaure, a worker ant, a goblin and a frilled lizard.

Vanquished Creatures
  5 adders
  An ooze (D:2)
  5 worms
  3 leopard geckos
  6 orcs (D:3)
  2 ball pythons
  10 bats
  5 giant cockroaches
  2 goblins
  7 hobgoblins
  8 jackals
  8 kobolds
  A quokka (D:3)
  A ball python zombie (D:3)
  2 frilled lizards (D:2)
  6 rats
72 creatures vanquished.

Notes
Turn   | Place    | Note
-------+----------+-------------------------------------------
     0 | D:1      | Almogavar the Kobold Conjurer began the quest for the Orb.
     0 | D:1      | Reached XP level 1. HP: 10/10 MP: 3/3
   304 | D:1      | Reached XP level 2. HP: 15/15 MP: 5/5
   643 | D:1      | Learned a level 2 spell: Searing Ray
  1255 | D:2      | Reached XP level 3. HP: 19/19 MP: 4/6
  1815 | D:2      | Reached XP level 4. HP: 24/24 MP: 0/7
  2451 | D:2      | Found a sacrificial altar of Ru.
  2593 | D:3      | Reached XP level 5. HP: 28/28 MP: 2/9
  2991 | D:3      | Reached skill level 5 in Stealth
  3267 | D:3      | Reached skill level 5 in Conjurations
  3624 | D:4      | Noticed Menkaure
  3630 | D:4      | Mangled by Menkaure

Illustrated notes

Levels and vault maps discovered:
D:1:      nzn_arrival_water_spiral, layout_loops_ring
D:2:      layout_loops_ring, nicolae_ru_the_path_less_chosen
D:3:      layout_rooms, wad_orctagon
D:4:      layout_basic, trog_eyes_of_draining, serial_shops,
          nicolae_shop_behind_doors, shop, nicolae_shop_behind_doors, shop,
          nicolae_shop_behind_doors, uniq_menkaure

Skill      XL: |  1  2  3  4  5 |
---------------+----------------+-----
Stealth        | 3 4 5 |  5.2
Conjurations   | 5 |  5.0
Fighting       | |  0.6
Dodging        | |  2.7
Spellcasting   | |  2.8

Action                   |  1- 3 |  4- 6 || total
-------------------------+-------+-------++-------
Melee: Dagger            |    26 |    21 ||    47
Throw: Dart              |     6 |       ||     6
 Cast: Magic Dart        |    18 |     4 ||    22
       Searing Ray       |     7 |    15 ||    22
  Use: Scroll            |       |     4 ||     4
 Stab: Sleeping          |    15 |    16 ||    31
       Distracted        |       |     2 ||     2
Armor: Robe              |     5 |     2 ||     7
Dodge: Dodged            |    15 |    19 ||    34
